 Dungeon Crawl Stone Soup version 0.32-a0-938-g40ac7a0f4d (webtiles) character file.

Game seed: 10871885805890836167

1705 ezpacito the Chopper (level 9, -7/74 HPs)
             Began as a Coglin Chaos Knight on Apr 15, 2024.
             Was a Plaything of Xom.
             Mangled by a komodo dragon (42 damage)
             ... on level 7 of the Dungeon.
             The game lasted 00:07:01 (6245 turns).

ezpacito the Chopper (Coglin Chaos Knight)          Turns: 6245, Time: 00:07:01

Health: -7/74      AC: 11    Str: 18    XL:     9   Next: 3%
Magic:  12/12      EV:  8    Int:  8    God:    Xom [......]
Gold:   286        SH:  0    Dex: 20    Spells: 2/12 levels left

rFire   x . .        a - +0 hand axe (chaos) {Hidetaka}
rCold   . . .        x - +0 trident {Uttamveer}
rNeg    . . .        A - +0 chain mail
rPois   +            e - +0 helmet
rElec   .            (no cloak)
rCorr   .            (no gloves)
SInv    .            v - +0 pair of boots
Will    .....        (amulet unavailable) Stlth
                     (ring unavailable)
HPRegen 0.32/turn    (ring unavailable)
MPRegen 0.13/turn    (no gizmo)

%: clarity
@: revved
A: off-hand wielding, slow wielding, warmup strikes, no jewellery, agile 2,
clarity, dopey 1, mutation resistance 1, poison resistance, robust 1, strong 1,
heat vulnerability 1
a: Invent Gizmo, Renounce Religion


You were on level 7 of the Dungeon.
You worshipped Xom.
You were a very special plaything of Xom.
You visited 2 branches of the dungeon, and saw 8 of its levels.
You also visited: Sewer.

You collected 286 gold pieces.

Inventory:

Hand Weapons
 a - a +0 hand axe of chaos (weapon) {Hidetaka}
 g - a +0 war axe
 x - a +0 trident (offhand) {Uttamveer}
Missiles
 d - 48 poisoned darts (quivered)
 w - 6 boomerangs
 C - 3 javelins
Armour
 e - a +0 helmet (worn)
 v - a +0 pair of boots (worn)
 A - a +0 chain mail (worn)
Talismans
 z - a beast talisman
Wands
 D - a wand of digging (1)
 E - a wand of acid (3)
Scrolls
 b - 2 scrolls of blinking {unknown}
 c - a scroll of fear {unknown}
 k - a scroll of immolation
 n - a scroll of poison {unknown}
 o - a scroll of silence
 p - a scroll of enchant armour {unknown}
 s - 2 scrolls of fog {unknown}
 y - a scroll of noise {unknown}
 B - a scroll of summoning {unknown}
Potions
 f - a potion of ambrosia {unknown}
 h - a potion of enlightenment {unknown}
 i - 2 potions of resistance {unknown}
 j - a potion of berserk rage
 l - 2 potions of heal wounds
 m - 2 potions of brilliance {unknown}
 q - 4 potions of curing
 r - a potion of attraction {unknown}
 t - 2 potions of might {unknown}
 u - a potion of degeneration {unknown}


   Skills:
 * Level 5.0 Fighting
 * Level 5.1(5.7) Axes
 * Level 3.4(4.6) Polearms
 + Level 1.9 Throwing
 * Level 3.8 Armour
 * Level 3.5 Dodging
 + Level 2.4 Stealth
 + Level 2.1 Spellcasting
 + Level 0.8 Conjurations
 + Level 1.6 Hexes
 + Level 0.9 Summonings
 + Level 1.5 Translocations
 + Level 1.8 Alchemy
 + Level 1.2 Evocations
 + Level 0.8 Shapeshifting


You had 2 spell levels left.
You knew the following spells:

 Your Spells              Type           Power      Damage    Failure   Level
a - Yara's Violent Unrav  Hex/Alch       1%         3d3       100%        5
b - Blink                 Tloc           6%         N/A       95%         2
c - Magic Dart            Conj           8%         1d3       92%         1
d - Call Imp              Summ           4%         N/A       97%         2

Your spell library contained the following spells:

 Spells                   Type           Power      Damage    Failure   Level
 Jinxbite                 Hex            6%         N/A       94%         2
 Volatile Blastmotes      Fire/Tloc      4%         2d10      100%        3
 Fulminant Prism          Conj/Alch      1%         3d5       100%        4
 Iskenderun's Mystic Bla Conj/Tloc 2%             2d3        (+2d1     100%        4
 Enfeeble                 Hex            1%         N/A       100%        7


Dungeon Overview and Level Annotations

Branches:
Dungeon (7/15)             Temple (1/1) D:5           Sewer (visited)

Altars:
Ashenzari
Cheibriados
Dithmenos
Elyvilon
Fedhas
Gozag
Hepliaklqana
Kikubaaqudgha
Nemelex Xobeh
Okawaru
Qazlal
Uskayaw
Vehumet
Wu Jian
Xom

Shops:
D:5 (


Innate Abilities, Weirdness & Mutations

You can wield a second weapon in your off-hand.
It takes a long time for you to wield or remove held weapons.
Your first few attacks do less damage.
You cannot equip rings or amulets.
You are very agile. (Dex +8, Str/Int -2)
You possess an exceptional clarity of mind.
You are dopey. (Int -2)
You are somewhat resistant to further mutation.
Your system is resistant to poisons. (rPois)
You are robust. (+10% HP)
Your muscles are strong. (Str +4, Int/Dex -1)
You are vulnerable to heat. (rF-)


Message History

You hit the sky beast but do no damage.
The sky beast is severely wounded.
You hit something with your +0 hand axe of chaos.
You hit the komodo dragon but do no damage.
You puncture the sky beast with your +0 trident!
Something hits you but does no damage. The komodo dragon bites you.
The sky beast hits you but does no damage.
Reactivating autopickup.
A sky beast appears from thin air!
The sky beast closely misses you.
You take 1 damage, and have 67/74 hp.
You hit the sky beast with your +0 trident.
The sky beast is almost dead.
You slash the sky beast with your +0 hand axe of chaos!
You burn the sky beast.
You kill the sky beast!
The sky beast's corpse disappears in a puff of smoke!
You hit the komodo dragon with your +0 hand axe of chaos.
You burn the komodo dragon.
You hit the sky beast with your +0 hand axe of chaos.
The sky beast evaporates and reforms as a bat!
The bat hits you but does no damage. The komodo dragon bites you.
A centaur comes into view.
You hit the komodo dragon with your +0 hand axe of chaos.
The komodo dragon flies into a frenzy!
Xom is highly amused!
The komodo dragon is moderately wounded.
You completely miss the komodo dragon with your +0 trident.
The bat hits you but does no damage. The komodo dragon bites you!
The centaur wields a +0 shortbow.
The centaur shoots an arrow.
The arrow hits you. The bat hits you but does no damage.
The komodo dragon bites you!
You are too injured to fight recklessly!
You take 32 damage, and have 35/74 hp.
MASSIVE DAMAGE!!
You are too injured to fight recklessly!
You are too injured to fight recklessly!
Okay, then.
The bat barely misses you. The komodo dragon bites you!!!
Ouch! That really hurt!
You die...
Xom giggles madly!

.........##≈# #####....#
.........#######........#
...............+........+
..........#.####......#
.....)....#.####......###.
##........#...............
#........##.#####§#####.#
#........##.#.#.#(#.#.#
###########.##.@b~.c.#
#.#..#l###..# #.##...# ##
#....##. #.##. #. # .. .#
##. . .# .#


You could see a centaur, a bat (summoned) and a neutral komodo dragon (fast,
strong, frenzied, distracted).

Vanquished Creatures
  A harpy (D:5)
  An ogre (D:6)
  2 phantoms
  3 kobold brigands
  3 brain worms (Sewer)
  A brain worm (shapeshifter) (Sewer)
  A scorpion (D:6)
  A bombardier beetle (D:5)
  A jelly (D:6)
  3 orc priests
  A hound (D:4)
  2 orc wizards (D:3)
  Robin (D:2)
  4 gnolls (D:3)
  5 adders
  2 river rats (Sewer)
  2 ufetubi (D:5)
  2 dart slugs
  A ribbon worm (D:2)
  16 orcs
  9 ball pythons
  4 endoplasms
  6 giant cockroaches
  16 goblins
  11 hobgoblins
  2 jackals (Sewer)
  32 kobolds
  5 quokkas
  13 bats
  5 frilled lizards
  4 rats
160 creatures vanquished.

Notes
Turn   | Place    | Note
-------+----------+-------------------------------------------
     0 | D:1      | ezpacito the Coglin Chaos Knight began the quest for the
                  | Orb.
     0 | D:1      | Reached XP level 1. HP: 18/18 MP: 1/1
    66 | D:1      | Reached skill level 1 in Dodging
   106 | D:1      | Reached XP level 2. HP: 24/24 MP: 2/2
   238 | D:1      | Found a faded altar of an unknown god.
   307 | D:1      | Reached XP level 3. HP: 27/29 MP: 3/3
   450 | D:1      | XOM: divination: magic mapping
   630 | D:1      | XOM: silly message
  1099 | D:2      | Reached skill level 1 in Polearms
  1343 | D:2      | Noticed Robin
  1351 | D:2      | Reached XP level 4. HP: 33/35 MP: 4/4
  1351 | D:2      | XOM: smoke on damage
  1363 | D:2      | Killed Robin
  1420 | D:2      | XOM: stat loss: -1 Dex (12/13)
  1647 | D:2      | XOM: give mutations
  1647 | D:2      | Gained mutation: You are vulnerable to heat. (rF-) [Xom's
                  | mischief]
  1647 | D:2      | Gained mutation: You are agile. (Dex +4, Str/Int -1) [Xom's
                  | mischief]
  1771 | D:3      | Reached skill level 1 in Stealth
  1774 | D:3      | Reached XP level 5. HP: 30/41 MP: 6/6
  1892 | D:3      | XOM: stat loss: -1 Int (10/11)
  1926 | D:3      | XOM: 3-stop teleportation journey
  1933 | D:3      | XOM: torment (16/41 hp)
  1948 | D:3      | Reached skill level 1 in Spellcasting
  1973 | D:3      | XOM: give mutations
  1973 | D:3      | Gained mutation: You are robust. (+10% HP) [Xom's mischief]
  1973 | D:3      | Gained mutation: You possess an exceptional clarity of
                  | mind. [Xom's mischief]
  1973 | D:3      | Gained mutation: You are dopey. (Int -2) [Xom's mischief]
  1973 | D:3      | Gained mutation: Your muscles are strong. (Str +4, Int/Dex
                  | -1) [Xom's mischief]
  2091 | D:3      | XOM: 9-stop teleportation journey
  2329 | D:3      | XOM: 2-stop teleportation journey
  2436 | D:3      | Reached XP level 6. HP: 38/52 MP: 7/7
  2486 | D:3      | XOM: 5-stop teleportation journey
  2785 | D:4      | XOM: noise
  3032 | D:4      | XOM: smoke on damage
  3094 | D:4      | XOM: 5-stop teleportation journey
  3191 | D:4      | XOM: silly message
  3244 | D:4      | Learned a level 2 spell: Blink
  3250 | D:4      | Learned a level 5 spell: Yara's Violent Unravelling
  3258 | D:5      | Entered Level 5 of the Dungeon
  3294 | D:5      | Found a staircase to the Ecumenical Temple.
  3303 | Temple   | Entered the Ecumenical Temple
  3368 | D:5      | Reached XP level 7. HP: 59/59 MP: 9/9
  3378 | D:5      | XOM: smoke on damage
  3675 | D:5      | XOM: scenery: create altars
  3677 | D:5      | a black bear changed into a harpy
  3677 | D:5      | Noticed a harpy
  3917 | D:5      | Found Safeohoh's Antique Weapon Emporium.
  4191 | D:5      | XOM: give mutations
  4191 | D:5      | Gained mutation: You have hidden genetic potential. [Xom's
                  | grace]
  4191 | D:5      | Gained mutation: You are very agile. (Dex +8, Str/Int -2)
                  | [Xom's grace]
  4191 | D:5      | Gained mutation: Your system is resistant to poisons.
                  | (rPois) [Xom's grace]
  4191 | D:5      | Lost mutation: You have hidden genetic potential. [Xom's
                  | grace]
  4191 | D:5      | Gained mutation: You are somewhat resistant to further
                  | mutation. [Xom's grace]
  4199 | D:5      | Killed a harpy
  4200 | D:5      | Reached skill level 1 in Throwing
  4200 | D:5      | Reached skill level 1 in Hexes
  4200 | D:5      | Reached skill level 1 in Translocations
  4200 | D:5      | Reached skill level 1 in Alchemy
  4200 | D:5      | Reached XP level 8. HP: 42/67 MP: 10/10
  4202 | D:5      | Learned a level 1 spell: Magic Dart
  4205 | D:5      | Learned a level 2 spell: Call Imp
  4472 | D:6      | XOM: snakes to sticks
  4662 | D:6      | Found a glowing drain.
  4703 | Sewer    | Entered a sewer
  4767 | Sewer    | XOM: swap monsters
  4771 | Sewer    | XOM: chaos cloud
  4943 | Sewer    | Reached skill level 5 in Axes
  5024 | Sewer    | a kobold brigand changed into a glowing shapeshifter
  5024 | Sewer    | Noticed a glowing shapeshifter
  5024 | Sewer    | XOM: polymorph kobold brigand -> glowing shapeshifter
  5025 | Sewer    | a glowing shapeshifter changed into a warg
  5031 | Sewer    | Reached skill level 1 in Evocations
  5604 | D:6      | Found an opulent altar of Gozag.
  6239 | D:7      | Reached skill level 5 in Fighting
  6239 | D:7      | Reached XP level 9. HP: 74/74 MP: 12/12
  6239 | D:7      | Noticed a komodo dragon
  6239 | D:7      | XOM: summons 2 hostile shadow creatures
  6241 | D:7      | XOM: enchant monster (bad)
  6245 | D:7      | Mangled by a komodo dragon

Illustrated notes

Levels and vault maps discovered:
D:1:      scummos_arrival_star, layout_loops_ring,
          nicolae_ecumenical_lake_church
D:2:      layout_loops_corners, minivault_14, uniq_robin
D:3:      wander_river, layout_loops_ring
D:4:      layout_basic, minmay_crystal_room, due_unseen_surprise
D:5:      kennysheep_kobold_camp, layout_basic, minmay_temple_entry_overgrown,
          serial_shops, nicolae_shop_overgrown_old_shop
D:6:      layout_basic, mainiacjoe_overflow_chevrons, gup_sewer_entry_pipe,
          mrwooster_statue_mirror
D:7:      minmay_the_grid_plus [minmay_the_grid_outer_diamond,
          minmay_the_grid_aliased_spiral, minmay_the_grid_tiny_cups,
          minmay_the_grid_pillar_ring, minmay_the_grid_prize_shrinking_boxes],
          layout_basic, serial_aquarium, aquarium_bridge_island_small
          [aquarium_subvault_small_open, aquarium_subvault_bridge,
          aquarium_subvault_bridge, aquarium_subvault_bridge,
          aquarium_subvault_bridge], aquarium_bridge_straight
          [aquarium_subvault_bridge, aquarium_subvault_window,
          aquarium_subvault_bridge, aquarium_subvault_wall],
          aquarium_window_corridor_3, aquarium_window_fake, aquarium_view_2d,
          aquarium_pool_five
Temple:   oiseaux_autumnal_temple

Skill      XL: |  1  2  3  4  5  6  7  8 |
---------------+-------------------------+-----
Dodging        | 1 2 3 |  3.5
Armour         | 2 3 |  3.8
Polearms       | 1 2 3 |  3.4
Stealth        | 1 2 |  2.4
Spellcasting   | 1 2 |  2.1
Fighting       | 4 5 |  5.0
Axes           | 4 5 |  5.1
Throwing       | 1 |  1.9
Hexes          | 1 |  1.6
Translocations | 1 |  1.5
Alchemy        | 1 |  1.8
Evocations     | 1 |  1.2
Conjurations   | |  0.8
Summonings     | |  0.9
Shapeshifting  | |  0.8

Action                     |  1- 3 |  4- 6 |  7- 9 || total
---------------------------+-------+-------+-------++-------
  Melee: Hand axe          |    75 |   128 |   128 ||   331
         Dagger            |    72 |    88 |       ||   160
         Trident           |       |    43 |   141 ||   184
  Evoke: Wand              |       |       |     1 ||     1
    Use: Potion            |       |     3 |     2 ||     5
         Scroll            |       |     4 |     1 ||     5
   Stab: Confused          |     1 |     1 |       ||     2
         Sleeping          |     4 |     4 |       ||     8
 Armour: Leather armour    |    55 |    75 |       ||   130
         Chain mail        |       |    11 |   108 ||   119
  Dodge: Dodged            |    37 |    75 |    48 ||   160

Table legend: (Time is in decaauts)
 A = Elapsed time spent in this place.
 B = Non-inter-level travel time spent in this place.
 C = Inter-level travel time spent in this place.
 D = Time resting spent in this place.
 E = Time spent auto-exploring this place.
 F = Levels seen in this place.
 G = Mean time per level.
                   A        B        C        D        E       F      G
               +--------+--------+--------+--------+--------+-----+--------+
         Total |   6563 |   6097 |    466 |    115 |   4832 |   9 |  729.2 |
       Dungeon |   5574 |   5109 |    465 |    108 |   4109 |   7 |  796.3 |
        Temple |      1 |      1 |      0 |      0 |      0 |   1 |    1.0 |
         Sewer |    986 |    986 |      0 |      7 |    722 |   1 |  986.0 |
               +--------+--------+--------+--------+--------+-----+--------+

Top non-repeatable levels by time:
     D:5: 1345 daAuts
     D:3: 1037 daAuts
   Sewer: 986 daAuts
     D:2: 922 daAuts
     D:1: 852 daAuts
     D:6: 707 daAuts
     D:4: 557 daAuts
     D:7: 152 daAuts
  Temple: 1 daAuts
